 Dungeon Crawl Stone Soup version 0.27-a0-1182-gee19b5822f (webtiles) character file.

Game seed: 7439857926141235407

82 Morbidden the Gusty (level 4, -1/31 HPs)
             Began as a Demonspawn Air Elementalist on May 18, 2021.
             Slain by a sky beast (2 damage)
             ... on level 3 of the Dungeon.
             The game lasted 00:03:02 (1812 turns).

Morbidden the Gusty (Demonspawn Air Elementalist)   Turns: 1812, Time: 00:03:03

Health: -1/31      AC:  2    Str:  8    XL:     4   Next: 21%
Magic:  3/7        EV: 12    Int: 17    God:
Gold:   63         SH:  0    Dex: 14    Spells: 5/8 levels left

rFire    . . .     SeeInvis .   a - staff of air
rCold    . . .     Faith    .   (no shield)
rNeg     . . .     Spirit   .   c - +0 robe
rPois    .         Reflect  .   (no helmet)
rElec    +         Harm     .   (no cloak)
rCorr    .         Rampage  .   (no gloves)
Will     .....                  (no boots)
Stlth    ++........             (no amulet)
HPRegen  0.10/turn              (no ring)
MPRegen  0.10/turn              (no ring)

@: no status effects
A: claws 1, powered by death 1, demonic magic 1
a: no special abilities


You were on level 3 of the Dungeon.
You visited 1 branch of the dungeon, and saw 3 of its levels.

You collected 63 gold pieces.

Inventory:

Missiles
 g - 8 poisoned darts (quivered)
Armour
 c - a +0 robe (worn)
Magical Staves
 a - a staff of air (weapon)
Potions
 b - a potion of lignification {unknown}
 d - a potion of haste {unknown}
 e - 2 potions of might {unknown}
 f - a potion of magic {unknown}


   Skills:
 * Level 0.9 Fighting
 + Level 0.1 Staves
 + Level 0.1 Throwing
 + Level 1.9 Dodging
 + Level 1.8 Stealth
 * Level 2.5 Spellcasting
 * Level 1.6 Conjurations
 * Level 3.7 Air Magic


You had 5 spell levels left.
You knew the following spells:

 Your Spells              Type           Power      Damage    Failure   Level
a - Shock                 Conj/Air       64%        1d7       6%          1
b - Static Discharge      Conj/Air       16%        N/A       10%         2

Your spell library contained the following spells:

 Spells                   Type           Power      Damage    Failure   Level
 Swiftness                Air            22%        N/A       12%         3
 Airstrike                Air            11%        N/A       36%         4
 Lightning Bolt           Conj/Air       8%         1d20      86%         5


Dungeon Overview and Level Annotations

Branches:
Dungeon (3/15)

Altars:

Annotations:
D:2 Robin


Innate Abilities, Weirdness & Mutations

You have sharp fingernails.
You regenerate a little health from kills.
Spells you cast may paralyse adjacent enemies.


Message History

* * * LOW HITPOINT WARNING * * *
Unknown command.
Unknown command.
A sky beast appears from thin air!
Reactivating autopickup.
Found a stone staircase leading down.
Casting: Static Discharge (safe; 10% risk of failure)
Confirm with . or Enter, or press ? or * to list all spells.
You can't see any susceptible monsters within range! (Use Z to cast anyway.) Unknown command.
Unknown command.
Casting: Static Discharge (safe; 10% risk of failure)
Confirm with . or Enter, or press ? or * to list all spells.
You feel a surge of power!
A blue arc grounds itself harmlessly.
Malevolent energies surge around you. The sky beast barely misses you.
The sky beast hits you.
* * * LOW HITPOINT WARNING * * *
The sky beast shocks you. You resist.
* * * LOW HITPOINT WARNING * * *
Unknown command.
Press: ? - help, v - describe, . - travel The floor.
Unknown command.
The sky beast flickers out of sight!
Deactivating autopickup; reactivate with Ctrl-A.
There is a stone staircase leading down here.
Something hits you but does no damage.
You climb downwards.
Reactivating autopickup.
An orc wizard comes into view. It is wielding a +0 dagger.
Found a scroll labelled MEOG UTUAMASTU and a robe.
There is a stone staircase leading up here.
Unknown command.
An orc and an orc warrior come into view.
The orc warrior shouts!
The orc shouts!
You hear a shout!
An orc comes into view. It is wielding a +0 mace.
Something hits you.
* * * LOW HITPOINT WARNING * * *
Something shocks you. You resist.
You die...

# # ..# )#.#
### #### ...#
.... ..##.[#
###?.###.#...##
..............#
#....<.@...#
#...##.##..#
#.. #.# .# .o.
#.# $. .#. #.#
## # #.. ..#
#o#


oo. You could see an orc warrior.

Vanquished Creatures
  Terence (D:2)
  An adder (D:2)
  3 ball pythons
  6 bats
  2 endoplasms (D:1)
  2 giant cockroaches
  6 hobgoblins
  3 jackals (D:1)
  2 kobolds (D:1)
  3 quokkas (D:1)
  3 frilled lizards
  4 goblins
  8 rats
44 creatures vanquished.

Vanquished Creatures (others)
  A plant (D:1)
1 creature vanquished.

Grand Total: 45 creatures vanquished

Notes
Turn   | Place    | Note
-------+----------+-------------------------------------------
     0 | D:1      | Morbidden the Demonspawn Air Elementalist began the quest
                  | for the Orb.
     0 | D:1      | Reached XP level 1. HP: 13/13 MP: 3/3
   246 | D:1      | Reached skill level 3 in Air Magic
   297 | D:1      | Gained mutation: You have sharp fingernails. [demonic
                  | ancestry]
   297 | D:1      | Reached XP level 2. HP: 19/19 MP: 1/5
   666 | D:1      | Learned a level 2 spell: Static Discharge
   855 | D:1      | Gained mutation: Spells you cast may paralyse adjacent
                  | enemies. [demonic ancestry]
   855 | D:1      | Reached XP level 3. HP: 25/25 MP: 0/6
  1441 | D:2      | Noticed Robin
  1593 | D:2      | Noticed Terence
  1606 | D:2      | Killed Terence
  1607 | D:2      | Gained mutation: You regenerate a little health from kills.
                  | [demonic ancestry]
  1607 | D:2      | Reached XP level 4. HP: 20/31 MP: 0/7
  1729 | D:2      | Found a faded altar of an unknown god.
  1771 | D:2      | Noticed a sky beast
  1811 | D:3      | Noticed an orc warrior
  1812 | D:3      | HP: 1/31 [something (3)]
  1812 | D:3      | Slain by a sky beast

Illustrated notes

Levels and vault maps discovered:
D:1:      wander_arrival_desolate, layout_basic, serial_forest,
          infiniplex_forest_lined_2, infiniplex_forest_straight_4,
          infiniplex_forest_lined_3_way, infiniplex_forest_corner_1,
          infiniplex_forest_lined_room_, infiniplex_forest_clump_large,
          infiniplex_forest_end_double
D:2:      layout_rooms, ebering_ecumenical_altar_box, uniq_terence, uniq_robin
D:3:      layout_loops_ring, uniq_crazy_yiuf_cottage

Skill      XL: |  1 |
---------------+----+-----
Air Magic      | 3 |  3.7
Fighting       | |  0.9
Staves         | |  0.1
Throwing       | |  0.1
Dodging        | |  1.9
Stealth        | |  1.8
Spellcasting   | |  2.5
Conjurations   | |  1.6

Action                   |  1- 3 |  4- 6 || total
-------------------------+-------+-------++-------
Melee: Unarmed           |     1 |       ||     1
       Staff             |    16 |     4 ||    20
Throw: Dart              |     5 |       ||     5
 Cast: Shock             |    77 |     6 ||    83
       Static Discharge  |     6 |     2 ||     8
 Stab: Paralysed         |     2 |       ||     2
Armor: Robe              |     7 |     1 ||     8
Dodge: Dodged            |    31 |     1 ||    32

Table legend: (Time is in decaauts)
 A = Elapsed time spent in this place.
 B = Non-inter-level travel time spent in this place.
 C = Inter-level travel time spent in this place.
 D = Time resting spent in this place.
 E = Time spent auto-exploring this place.
 F = Levels seen in this place.
 G = Mean time per level.
                   A        B        C        D        E       F      G
               +--------+--------+--------+--------+--------+-----+--------+
         Total |   1815 |   1804 |     11 |     90 |   1441 |   3 |  605.0 |
       Dungeon |   1815 |   1804 |     11 |     90 |   1441 |   3 |  605.0 |
               +--------+--------+--------+--------+--------+-----+--------+

Top non-repeatable levels by time:
     D:1: 1306 daAuts
     D:2: 506 daAuts
     D:3: 1 daAuts
